 Dungeon Sprint DCSS version 0.26-b1-45-g23770d1d51 (webtiles) character file.

Game seed: 1453829169857216764

1200000 radhat240 the Acrobat (level 14, -12/153 HPs)
             Began as a Deep Dwarf Gladiator on Jan 6, 2021.
             Was a Follower of Makhleb.
             Mangled by a meat berserker
             ... wielding a +9 battleaxe
              (67 damage)
             ... in the Dungeon (Sprint VIII: "Arena of Blood").
             The game lasted 00:01:36 (12 turns).

radhat240 the Acrobat (Deep Dwarf Gladiator)          Turns: 12, Time: 00:01:40

Health: -12/153    AC:  4    Str: 20    XL:     14   Next: 29%
Magic:  14/14      EV: 30    Int:  9    God:    Makhleb [*.....]
Gold:   0          SH:  0    Dex: 17    Spells: 13/13 levels left

rFire    . . .     SeeInvis .   j - +∞ Axe of Woe
rCold    . . .     Faith    .   (shield currently unavailable)
rNeg     + . .     Spirit   .   a - +0 leather armour
rPois    .         Reflect  .   b - +0 helmet
rElec    .         Harm     .   (no cloak)
rCorr    .         Rampage  .   (no gloves)
Will     ++...     NoTele   +   (no boots)
Stlth    +.........             (no amulet)
HPRegen  0.00/turn              (no ring)
MPRegen  0.14/turn              (no ring)

@: non-regenerating
A: damage resistance, heal wounds, negative energy resistance 1, sense
surroundings 2, no regeneration
a: Heal Wounds, Renounce Religion


You were in the Dungeon.
You worshipped Makhleb.
Makhleb was aware of your devotion.
You visited 1 branch

Inventory:

Hand Weapons
 j - the +∞ Axe of Woe (weapon)
   (You found it in the Dungeon)
Missiles
 c - 3 throwing nets (quivered)
Armour
 a - a +0 leather armour (worn)
 b - a +0 helmet (worn)
Scrolls
 i - a scroll of blinking
Potions
 d - a potion of curing
 e - a potion of heal wounds
 f - a potion of haste
 g - 2 potions of magic
 h - a potion of berserk rage


   Skills:
 * Level 17.0 Fighting
 * Level 17.7 Axes
 - Level 9.5 Throwing
 * Level 24.0 Dodging
 - Level 16.3 Unarmed Combat


You had 13 spell levels left.
You didn't know any spells.
Your spell library was empty.

Dungeon Overview and Level Annotations

Branches:
Dungeon (1/1)

Altars:
Makhleb


Innate Abilities, Weirdness & Mutations

You are resistant to damage.
You can heal yourself by infusing magical energy.
You resist negative energy. (rN+)
You passively map the area around you.
You do not regenerate.


Message History

You have reached level 14!
You feel resistant to negative energy.
You feel much better.
The bag of meat shouts!
You hear a shout! x5
A bag of meat comes into view. It is wielding a +9 war axe. x2
You hear a shout!
The meat berserker rages.
You hear a shout! x4
A bag of meat comes into view. It is wielding a +9 war axe.
You hear a shout!
The meat berserker rages.
You hear a shout!
The bag of meat shouts! x3
You slice the bag of meat!!
You slaughter the bag of meat joyfully.
You kill the bag of meat!
Makhleb accepts your kill.
You hear a shout! x7
A meat berserker comes into view. It is wielding a +9 battleaxe.
The meat berserker hits you with a +9 battleaxe!!!
You die...

, ,* ,#.. ..# , , ,
#.O. #..., ..# , , ,
....###... ,..###. ,
, ,
.........###......,
,.#........_..... ,
, ,, ,
.......#.....# , *
.....o.#_.<._# . ,
......)#.....#.... ,
,, , ,
,#...O)@.._....... ,
,.......O)###......,
, .o..###.o..
..###., , ... ,
#o..o...# ,,, . ,
#...O.oo# , , ,
.....oo.. ,
.....o.oo.. ,*, , ,*
, , .......... , *
,, ,, ,, * ,


You could see 4 meat berserkers and 12 bags of meat.

Vanquished Creatures
  An ogre (D)
  3 orcs (D)
4 creatures vanquished.

Notes
Turn   | Place    | Note
-------+----------+-------------------------------------------
     0 | D        | Found the +∞ Axe of Woe
     0 | D        | radhat240 the Deep Dwarf Gladiator began the quest for the
                  | Orb.
     0 | D        | Reached XP level 1. HP: 19/19 MP: 1/1
     2 | D        | Noticed a bag of meat
     4 | D        | Became a worshipper of Makhleb the Destroyer
     4 | D        | Noticed a bag of meat
     5 | D        | Noticed a bag of meat
     7 | D        | Noticed a meat berserker
     8 | D        | Killed a bag of meat
     8 | D        | Noticed a bag of meat
     8 | D        | Noticed a bag of meat
     8 | D        | Noticed a bag of meat
     9 | D        | Reached skill level 18 in Dodging
     9 | D        | Reached XP level 2. HP: 29/40 MP: 2/2
     9 | D        | Reached XP level 3. HP: 35/48 MP: 3/3
     9 | D        | Reached XP level 4. HP: 40/55 MP: 4/4
     9 | D        | Reached XP level 5. HP: 45/62 MP: 5/5
     9 | D        | Reached XP level 6. HP: 51/70 MP: 6/6
     9 | D        | Reached XP level 7. HP: 55/76 MP: 7/7
     9 | D        | Reached XP level 8. HP: 62/85 MP: 8/8
     9 | D        | Gained mutation: You passively map the area around you.
                  | [Deep Dwarf growth]
     9 | D        | Reached XP level 9. HP: 67/92 MP: 9/9
     9 | D        | Reached XP level 10. HP: 72/99 MP: 10/10
     9 | D        | Reached XP level 11. HP: 77/106 MP: 11/11
     9 | D        | Killed a bag of meat
     9 | D        | Reached * piety under Makhleb
     9 | D        | Noticed a meat berserker
     9 | D        | Noticed a meat berserker
     9 | D        | Noticed a bag of meat
     9 | D        | Noticed a bag of meat
     9 | D        | Noticed a bag of meat
     9 | D        | Noticed a meat berserker
     9 | D        | Noticed a bag of meat
    10 | D        | Reached skill level 21 in Dodging
    10 | D        | Reached XP level 12. HP: 24/126 MP: 12/12
    10 | D        | Killed a meat berserker
    10 | D        | Noticed a bag of meat
    10 | D        | Noticed a bag of meat
    10 | D        | Noticed a bag of meat
    11 | D        | Reached skill level 24 in Dodging
    11 | D        | Reached XP level 13. HP: 28/144 MP: 13/13
    11 | D        | Gained mutation: You resist negative energy. (rN+) [Deep
                  | Dwarf growth]
    11 | D        | Reached XP level 14. HP: 29/153 MP: 14/14
    11 | D        | Noticed a bag of meat
    11 | D        | Noticed a bag of meat
    11 | D        | Noticed a bag of meat
    12 | D        | Killed a bag of meat
    12 | D        | Noticed a meat berserker
    12 | D        | Mangled by a meat berserker

Illustrated notes

Levels and vault maps discovered:
D:        meatsprint

Skill      XL: |  1  2  3  4  5  6  7  8  9 10 11 12 |
---------------+-------------------------------------+-----
Fighting       | 9 13 17 | 17.0
Axes           | 4 12 17 | 17.7
Throwing       | 9 |  9.5
Dodging        | 18 21 24 | 24.0
Unarmed Combat | 16 | 16.3

Action                   |  1- 3 |  4- 6 |  7- 9 | 10-12 | 13-15 || total
-------------------------+-------+-------+-------+-------+-------++-------
Melee: Executioner's axe |     1 |       |       |     2 |     1 ||     4
 Abil: Heal Wounds       |       |       |       |       |     1 ||     1
Dodge: Dodged            |       |       |       |     1 |       ||     1
